 Dungeon Crawl Stone Soup version 0.32-a0-520-g344ed53f66 (webtiles) character file.

Game seed: 4415076646522286681

73 pokeman the Magician (level 4, -2/25 HPs)
             Began as a Deep Elf Hedge Wizard on Feb 28, 2024.
             Slain by an orc
             ... wielding a +0 club
              (4 damage)
             ... on level 3 of the Dungeon.
             The game lasted 00:04:21 (2785 turns).

pokeman the Magician (Deep Elf Hedge Wizard)        Turns: 2785, Time: 00:04:22

Health: -2/25      AC:  2    Str:  7    XL:     4   Next: 8%
Magic:  0/13       EV: 12    Int: 21    God:
Gold:   103        SH:  0    Dex: 14    Spells: 6/14 levels left

rFire   . . .        a - +0 dagger
rCold   . . .        (no shield)
rNeg    . . .        b - +0 robe
rPois   .            c - +0 hat
rElec   .            (no cloak)
rCorr   .            (no gloves)
SInv    .            (no boots)
Will    .....        o - amulet of the acrobat
Stlth   ++           (no ring)
HPRegen 0.24/turn    (no ring)
MPRegen 0.13/turn

%: acrobat
@: no status effects
A: no striking features
a: no special abilities


You were on level 3 of the Dungeon.
You visited 1 branch of the dungeon, and saw 3 of its levels.

You collected 103 gold pieces.

Inventory:

Hand Weapons
 a - a +0 dagger (weapon)
Armour
 b - a +0 robe (worn)
 c - a +0 hat (worn)
Magical Staves
 m - a staff of alchemy
Jewellery
 h - an amulet of guardian spirit
 o - an amulet of the acrobat (around neck)
Scrolls
 e - 3 scrolls of silence {unknown}
 f - 2 scrolls of identify {unknown}
 g - 2 scrolls of teleportation {unknown}
 i - a scroll of revelation {unknown}
 k - 2 scrolls of blinking {unknown}
 l - a scroll of enchant armour {unknown}
Potions
 d - a potion of magic
 j - a potion of attraction {unknown}
 n - a potion of lignification {unknown}


   Skills:
 - Level 1.0 Fighting
 - Level 1.0 Armour
 + Level 2.4 Dodging
 + Level 2.5 Stealth
 * Level 5.5 Spellcasting
 + Level 2.1 Conjurations
 - Level 1.1 Summonings
 - Level 1.1 Translocations


You had 6 spell levels left.
You knew the following spells:

 Your Spells              Type           Power      Damage    Failure   Level
a - Magic Dart            Conj           56%        1d5       4%          1
b - Mephitic Cloud        Conj/Alch/Air  8%         N/A       22%         3
c - Call Imp              Summ           20%        N/A       10%         2
d - Blink                 Tloc           20%        N/A       10%         2

Your spell library contained the following spells:

 Spells                   Type           Power      Damage    Failure   Level
 Slow                     Hex            20%        N/A       11%         1
 Cigotuvi's Dreadful Rot  Necr/Alch/Air  10%        N/A       16%         2


Dungeon Overview and Level Annotations

Branches:
Dungeon (3/15)

Altars:


Message History

Aiming: Magic Dart (safe; 4% risk of failure)
Press: ? - help, Shift-Dir - straight line, f/p - orc
Aim: an orc, wielding a +0 flail and wearing a +0 ring mail (almost dead, not watching you, ally target, 100% to hit)
The magic dart hits the orc but does no damage.
The orc is almost dead.
The orc hits you with a +0 club.
* * * LOW HITPOINT WARNING * * *
Your cerulean imp hits the orc from afar with a -3 spear.
The orc dies!
Casting: Magic Dart (safe; 4% risk of failure)
Confirm with . or Enter, or press ? or * to list all spells.
Aiming: Magic Dart (safe; 4% risk of failure)
Press: ? - help, Shift-Dir - straight line, f - orc
Aim: an orc, wielding a +0 club and wearing a +0 chain mail (100% to hit)
The magic dart hits the orc but does no damage.
The orc hits you with a +0 club.
* * * LOW HITPOINT WARNING * * *
Your cerulean imp hits the orc but does no damage.
Casting: Magic Dart (safe; 4% risk of failure)
Confirm with . or Enter, or press ? or * to list all spells.
Aiming: Magic Dart (safe; 4% risk of failure)
Press: ? - help, Shift-Dir - straight line, f/p - orc
Aim: an orc, wielding a +0 club and wearing a +0 chain mail (ally target, 100% to hit)
The magic dart hits the orc.
The orc is lightly wounded.
The orc barely misses you.
Your cerulean imp barely misses the orc.
You closely miss the orc.
The orc is lightly wounded.
The orc misses you.
Your cerulean imp barely misses the orc.
You hit the orc but do no damage.
The orc is lightly wounded.
The orc misses you.
Your cerulean imp hits the orc but does no damage.
Your magical contamination has completely faded away.
You hit the orc.
The orc is lightly wounded.
The orc hits you with a +0 club.
You die...

.. ####+### ..##+######
....... ... ..........#
##....####... ..........#
#............
#........###............
#.......................
#...............[....#
.#........)@..........#
..........o..####'##+###
#........5...#.........#####
#.......)....#....).........
#.......######..............
####...## #.#####'#......
#... #.......#...... #..)
.........#####...... ....
........... +......


You could see an orc (ally target) and a friendly cerulean imp (summoned).

Vanquished Creatures
  An orc priest (D:3)
  A ribbon worm (D:2)
  3 orcs (D:3)
  3 ball pythons (D:2)
  3 bats
  3 endoplasms (D:2)
  A giant cockroach (D:2)
  5 goblins
  4 jackals (D:1)
  2 quokkas (D:1)
  3 kobolds
  A rat (D:1)
30 creatures vanquished.

Vanquished Creatures (collateral kills)
  2 orcs (D:3)
2 creatures vanquished.

Grand Total: 32 creatures vanquished

Notes
Turn   | Place    | Note
-------+----------+-------------------------------------------
     0 | D:1      | pokeman the Deep Elf Hedge Wizard began the quest for the
                  | Orb.
     0 | D:1      | Reached XP level 1. HP: 10/10 MP: 7/7
   455 | D:1      | Reached XP level 2. HP: 15/15 MP: 6/9
  1459 | D:2      | Found a faded altar of an unknown god.
  1590 | D:2      | Reached skill level 5 in Spellcasting
  2059 | D:2      | Reached XP level 3. HP: 20/20 MP: 7/11
  2063 | D:2      | Learned a level 3 spell: Mephitic Cloud
  2066 | D:2      | Learned a level 2 spell: Call Imp
  2069 | D:2      | Learned a level 2 spell: Blink
  2554 | D:3      | Reached skill level 1 in Fighting
  2554 | D:3      | Reached skill level 1 in Armour
  2767 | D:3      | Reached XP level 4. HP: 25/25 MP: 8/13
  2781 | D:3      | HP: 1/25 [orc/+0 club (3)]
  2785 | D:3      | Slain by an orc

Illustrated notes

Levels and vault maps discovered:
D:1:      dpeg_arrival_three_same_balls, layout_loops_corners
D:2:      layout_basic, hellmonk_ecumenical_altar_pennies_from_heaven
D:3:      layout_basic, minmay_misc_feat_hallway

Skill      XL: |  1  2  3 |
---------------+----------+-----
Spellcasting   | 5 |  5.5
Fighting       | 1 |  1.0
Armour         | 1 |  1.0
Conjurations   | 2 |  2.1
Dodging        | |  2.4
Stealth        | |  2.5
Summonings     | |  1.1
Translocations | |  1.1

Action                     |  1- 3 |  4- 6 || total
---------------------------+-------+-------++-------
  Melee: Dagger            |     5 |     6 ||    11
   Cast: Magic Dart        |    70 |     7 ||    77
         Mephitic Cloud    |     1 |       ||     1
         Call Imp          |       |     1 ||     1
   Stab: Sleeping          |     1 |       ||     1
 Armour: Robe              |     9 |    10 ||    19
  Dodge: Dodged            |     9 |    10 ||    19
         Repelled          |     1 |       ||     1

Table legend: (Time is in decaauts)
 A = Elapsed time spent in this place.
 B = Non-inter-level travel time spent in this place.
 C = Inter-level travel time spent in this place.
 D = Time resting spent in this place.
 E = Time spent auto-exploring this place.
 F = Levels seen in this place.
 G = Mean time per level.
                   A        B        C        D        E       F      G
               +--------+--------+--------+--------+--------+-----+--------+
         Total |   2787 |   2689 |     98 |    123 |   2299 |   3 |  929.0 |
       Dungeon |   2787 |   2689 |     98 |    123 |   2299 |   3 |  929.0 |
               +--------+--------+--------+--------+--------+-----+--------+

Top non-repeatable levels by time:
     D:2: 1362 daAuts
     D:1: 1124 daAuts
     D:3: 301 daAuts
